 Dungeon Crawl Stone Soup version 0.14-a0-1388-g200237c (webtiles) character file.

107 Psiweapon the Grave Robber (level 2, -12/19 HPs)
             Began as a Mummy Necromancer on Dec 9, 2013.
             Mangled by Crazy Yiuf
             ... wielding a +4,+4 quarterstaff of chaos
              (15 damage)
             ... on Level 2 of the Dungeon.
             The game lasted 00:05:28 (1701 turns).

Psiweapon the Grave Robber (Mummy Necromancer)      Turns: 1701, Time: 00:05:29

HP -12/19        AC  3     Str 11      XL: 2   Next: 93%
MP   0/4         EV 11     Int 14      God:
Gold 80          SH  0     Dex 12      Spells:  1 memorised,  4 levels left

rFire  x . .     SeeInvis .     d - +0 dagger
rCold  + . .     Clarity  .     k - +0 leather armour (curse)
rNeg   + + +     Conserve .     (no shield)
rPois  +         rCorr    .     (no helmet)
rElec  .         rRot     +     (no cloak)
SustAb . .       Spirit   .     (no gloves)
rMut   .         Warding  .     (no boots)
Saprov . . .     Stasis   .     (no amulet)
                                (no ring)
                                (no ring)

@: slightly resistant to hostile enchantments, unstealthy
A: no food or potions, fire vulnerability, restore body, cold resistance 1, life
protection 3, poison resistance, torment resistance, unbreathing
a: no special abilities


You were on level 2 of the Dungeon.
You were not hungry.

You visited 1 branch of the dungeon, and saw 3 of its levels.

You collected 80 gold pieces.

Inventory:

Hand weapons
 d - a +0,+0 dagger (weapon)
Armour
 a - a +0 robe
 i - a +0 leather armour
 k - a cursed +0 leather armour (worn)
Scrolls
 c - 2 scrolls of amnesia
 e - a scroll of curse armour
 f - a scroll of magic mapping {unknown}
 g - 3 scrolls of remove curse
 h - a scroll of immolation {unknown}
 j - a scroll of teleportation
Books
 b - a book of Necromancy

   Spells                             Type                      Level
   *Pain                              Necromancy                   1
   Animate Skeleton                   Necromancy                   1
   Lethal Infusion                    Charms/Necromancy            2
   Vampiric Draining                  Necromancy                   3
   Regeneration                       Charms/Necromancy            3
   Animate Dead                       Necromancy                   4
   Control Undead                     Necromancy                   4


   Skills:
 + Level 0.5 Short Blades
 + Level 2.0 Dodging
 + Level 2.2 Stealth
 - Level 2.0 Spellcasting
 + Level 4.1 Necromancy


You had 4 spell levels left.
You knew the following spells:

 Your Spells              Type           Power        Failure   Level  Hunger
a - Pain                  Necr           ##..         4%          1    N/A

Dungeon Overview and Level Annotations

Branches:
Dungeon (3/16)

Altars:

Annotations:
D:2 Crazy Yiuf


Innate Abilities, Weirdness & Mutations

You do not eat or drink.
Your flesh is vulnerable to fire.
Your flesh is cold resistant.
You are immune to negative energy.
Your system is resistant to poisons.
You are immune to unholy pain and torment.
You can survive without breathing.


Message History

Casting: Pain
Confirm with . or Enter, or press ? or * to list all spells.
Aiming: Pain
Press: ? - help, Shift-Dir - straight line, f/p - Crazy Yiuf
Aim: Crazy Yiuf, wielding a quarterstaff of chaos and wearing a cloak (heavily wounded) Crazy Yiuf struggles to resist.
Crazy Yiuf hits you with a quarterstaff of chaos!
* * * LOW HITPOINT WARNING * * *
Crazy Yiuf burns you.
* * * LOW HITPOINT WARNING * * *
Casting: Pain
Confirm with . or Enter, or press ? or * to list all spells.
Aiming: Pain
Press: ? - help, Shift-Dir - straight line, f/p - Crazy Yiuf
Aim: Crazy Yiuf, wielding a quarterstaff of chaos and wearing a cloak (heavily wounded) Crazy Yiuf convulses in agony!
Crazy Yiuf cries, "Ice!
Race cower sing-song."
Crazy Yiuf hits you with a quarterstaff of chaos!
Ouch! That really hurt!
You die...

#....##.#########
#....#......##### ###
#...............###.#
#....#......#...#..P##
###.##......#...#PP..#
#.........#...#PP..#
#.........#...#..P.#
#........g#...P...P#
#.........@.<.%P.###
#.........###.####...
#...#.#####.......!...
#.###.##.............
##.# #!##.##..........
#... #>##%#########...
#... #.##.# . #...
#.##.# #... #.##.#


You could see Crazy Yiuf.

Vanquished Creatures
  3 giant geckos
  An orc (D:2)
  A ball python (D:1)
  A giant cockroach (D:1)
  2 goblins
  A hobgoblin (D:1)
  2 kobolds
  An ooze (D:1)
  4 bats (D:1)
  6 giant newts
  3 rats (D:1)
25 creatures vanquished.

Notes
Turn   | Place    | Note
--------------------------------------------------------------
     0 | D:1      | Psiweapon, the Mummy Necromancer, began the quest for the Orb.
     0 | D:1      | Reached XP level 1. HP: 13/13 MP: 3/3
   584 | D:1      | Reached XP level 2. HP: 19/19 MP: 1/4
  1667 | D:2      | Noticed Crazy Yiuf
  1701 | D:2      | Mangled by Crazy Yiuf

Action                   || total
-------------------------++-------
Melee: Dagger            ||    32
 Cast: Pain              ||    48
  Use: Scroll            ||     4
